 Dungeon Crawl Stone Soup version 0.26.1-11-gd32895ea62 (webtiles) character file.

Game seed: 9400031476571387614

170 Gwenloh the Shooter (level 5, -2/28 HPs)
             Began as a Deep Elf Arcane Marksman on May 2, 2021.
             Slain by Pikel
             ... wielding a +0 whip of electrocution
              (14 damage)
             ... on level 3 of the Dungeon on May 4, 2021.
             The game lasted 00:18:00 (5287 turns).

Gwenloh the Shooter (Deep Elf Arcane Marksman)      Turns: 5287, Time: 00:18:01

Health: -2/28      AC:  2    Str:  7    XL:     5   Next: 26%
Magic:  9/9        EV: 13    Int: 22    God:
Gold:   231        SH:  0    Dex: 16    Spells: 1/7 levels left

rFire    . . .     SeeInvis .   b - +6 quarterstaff "Xotutij" {drain, Int+4}
rCold    . . .     Faith    .   (shield currently unavailable)
rNeg     . . .     Spirit   .   e - +0 robe
rPois    .         Reflect  .   (no helmet)
rElec    .         Harm     +   n - scarf {harm}
rCorr    .         Rampage  .   (no gloves)
Will     .....                  (no boots)
Stlth    +.........             r - amulet of magic regeneration
HPRegen  0.09/turn              (no ring)
MPRegen  0.36/turn              (no ring)

@: no status effects
A: no striking features
a: no special abilities


You were on level 3 of the Dungeon.
You visited 1 branch of the dungeon, and saw 4 of its levels.

You collected 231 gold pieces.

Inventory:

Hand Weapons
 a - a +0 shortbow
 b - the +6 quarterstaff "Xotutij" (weapon) {drain, Int+4}
   (You found it on level 4 of the Dungeon)

   A truly terrible weapon, it drains the life of those it strikes.
   It affects your intelligence (+4).
Missiles
 d - 16 arrows
Armour
 e - a +0 robe (worn)
 n - a scarf of harm (worn)
Jewellery
 c - an uncursed amulet of the acrobat
 r - an amulet of magic regeneration (around neck)
Scrolls
 h - a scroll of amnesia
 l - a scroll of enchant weapon
 m - a scroll of enchant armour
 o - a scroll of magic mapping
 p - a scroll of teleportation
Potions
 f - a potion of curing
 g - a potion of magic {unknown}
 i - a potion of attraction {unknown}
 j - 2 potions of brilliance
 k - 2 potions of heal wounds


   Skills:
 - Level 0.7 Fighting
 * Level 6.3 Bows
 - Level 2.4 Dodging
 - Level 1.5 Spellcasting
 + Level 5.4 Hexes


You had one spell level left.
You knew the following spells:

 Your Spells              Type           Power        Failure   Level
a - Corona                Hex            27%          1%          1
b - Slow                  Hex            25%          2%          2
c - Inner Flame           Hex/Fire       13%          14%         3

Your spell library contained the following spells:

 Spells                   Type           Power        Failure   Level
 Portal Projectile        Hex/Tloc       26%          14%         3
 Cause Fear               Hex            12%          16%         4
 Leda's Liquefaction      Hex/Erth       6%           43%         4


Dungeon Overview and Level Annotations

Branches:
Dungeon (4/15)
 Temple: D:4-7

Altars:
Cheibriados
Elyvilon

Annotations:
D:3 3 runed translucent doors, Pikel; ZZKoverts's ghost, amateur VSGl; arta456's ghost, weakling DgCj; infcreate's ghost, amateur HuGl; manyhoops's ghost, weakling PaTm


Message History

You sense an unholy aura.
b - the +6 quarterstaff "Xotutij" (weapon)
{drain, Int+4} You hit Pikel.
You drain Pikel.
Pikel is heavily wounded.
Pikel misses you.
Pikel hits you with a +0 whip of electrocution.
You closely miss Pikel.
Pikel is heavily wounded.
Pikel hits you with a +0 whip of electrocution.
You are too injured to fight recklessly!
You are too injured to fight recklessly!
You are too injured to fight recklessly!
You are too injured to fight recklessly!
You are too injured to fight recklessly!
You hit Pikel.
Pikel is severely wounded.
Pikel hits you with a +0 whip of electrocution.
You are electrocuted!
Ouch! That really hurt!
You die...

###.#######................
#.......(..#.####.#....##
#.######...#.####......#. #.#
#...#.#.........(. #.#
#(>.#.#.##......## #.#
#.#...#..#........
#.######.##..#..#...#.###
#.#....(K.#..#...........
########+#.....@.#..#..#.#......
#....................).#.#.#.##.
#.................#...##.#.#.##.
#....................)<..#.#.##.
#........................#รท#.##.
#......................#.#....#.
##.........#######.#.#..#.###..#.
#.......)....# #..............)
#............# ###.#......#....


You could see Pikel (drained).

Vanquished Creatures
  2 lemures (D:4)
  An orc wizard (D:3)
  6 adders
  2 worms
  A dart slug (D:3)
  2 leopard geckos
  5 orcs (D:3)
  5 giant cockroaches
  5 goblins
  6 hobgoblins
  7 jackals
  A quokka (D:2)
  A ball python (D:4)
  9 bats
  5 frilled lizards
  10 kobolds
  10 rats
78 creatures vanquished.

Notes
Turn   | Place    | Note
-------+----------+-------------------------------------------
     0 | D:1      | Gwenloh the Deep Elf Arcane Marksman began the quest for
                  | the Orb.
     0 | D:1      | Reached XP level 1. HP: 11/11 MP: 5/5
    14 | D:1      | Reached skill level 3 in Bows
   218 | D:1      | Reached XP level 2. HP: 16/16 MP: 6/6
   221 | D:1      | Learned a level 2 spell: Slow
   386 | D:1      | Reached skill level 4 in Bows
  1308 | D:2      | Reached XP level 3. HP: 20/20 MP: 7/7
  1390 | D:2      | Found a white marble altar of Elyvilon.
  2112 | D:2      | Reached skill level 5 in Bows
  2480 | D:2      | Reached XP level 4. HP: 19/24 MP: 4/8
  3550 | D:3      | Found a snail-covered altar of Cheibriados.
  3599 | D:3      | Reached skill level 5 in Hexes
  3636 | D:3      | Found a runed translucent gate.
  3637 | D:3      | Found a runed translucent gate.
  3638 | D:3      | Found a runed translucent gate.
  3639 | D:3      | Noticed manyhoops's ghost (weakling PaTm)
  3640 | D:3      | Noticed arta456's ghost (weakling DgCj)
  3640 | D:3      | Noticed infcreate's ghost (amateur HuGl)
  3640 | D:3      | Noticed ZZKoverts's ghost (amateur VSGl)
  4467 | D:3      | Reached skill level 6 in Bows
  4467 | D:3      | Reached XP level 5. HP: 15/28 MP: 6/9
  4952 | D:3      | Learned a level 3 spell: Inner Flame
  5133 | D:4      | Got a transparent quarterstaff
  5134 | D:4      | Identified the +6 quarterstaff "Xotutij" {drain, Int+4}
                  | (You found it on level 4 of the Dungeon)
  5208 | D:4      | Noticed a lemure
  5209 | D:4      | Noticed Pikel
  5211 | D:4      | Noticed a lemure
  5215 | D:4      | Noticed a lemure
  5222 | D:4      | Noticed a lemure
  5243 | D:4      | Killed a lemure
  5243 | D:4      | Killed a lemure
  5287 | D:3      | Slain by Pikel

Illustrated notes

Levels and vault maps discovered:
D:1:      lemuel_arrival_behind_the_door_large, layout_basic
D:2:      layout_basic, elyvilon_altar_5
D:3:      layout_basic, kennysheep_slug_shrine, gammafunk_ghost_cemetery
D:4:      layout_basic, nzn_hepliaklqana_mist_gate, uniq_sigmund, uniq_pikel

Skill      XL: |  1  2  3  4 |
---------------+-------------+-----
Bows           | 3 4 5 6 |  6.3
Hexes          | 5 |  5.4
Fighting       | |  0.7
Dodging        | |  2.4
Spellcasting   | |  1.5

Action                   |  1- 3 |  4- 6 || total
-------------------------+-------+-------++-------
Melee: Quarterstaff      |       |     3 ||     3
 Fire: Shortbow          |   138 |   144 ||   282
 Cast: Slow              |     7 |    22 ||    29
       Corona            |     1 |     5 ||     6
       Inner Flame       |       |     1 ||     1
  Use: Scroll            |       |    11 ||    11
       Potion            |       |     2 ||     2
Armor: Robe              |    11 |    13 ||    24
Dodge: Dodged            |    45 |    41 ||    86
